 Dungeon Crawl Stone Soup version 0.25.1-2-g60ff931df9 (webtiles) character file.

Game seed: 12903428130189269689

137 KyoPewz the Conjurer (level 5, -1/28 HPs)
             Began as a Deep Elf Conjurer on Oct 13, 2020.
             Killed by nerve-wracking pain
             ... invoked by Grinder
              (4 damage)
             ... on level 3 of the Dungeon.
             The game lasted 00:09:34 (2111 turns).

KyoPewz the Conjurer (Deep Elf Conjurer)            Turns: 2111, Time: 00:09:34

Health: -1/28      AC:  3    Str:  5    XL:     5   Next: 0%
Magic:  2/13       EV: 14    Int: 21    God:
Gold:   96         SH:  0    Dex: 15    Spells: 2/12 levels left

rFire    . . .     SeeInvis .   c - +2 short sword (drain)
rCold    . . .     Gourm    .   (no shield)
rNeg     . . .     Faith    .   a - +0 robe
rPois    .         Spirit   .   m - +0 helmet
rElec    .         Reflect  .   (no cloak)
rCorr    .         Harm     .   (no gloves)
MR       .....                  (no boots)
Stlth    ++........             (no amulet)
HPRegen  0.09/turn              (no ring)
MPRegen  0.13/turn              (no ring)

@: no status effects
A: no striking features
a: no special abilities


You were on level 3 of the Dungeon.
You were not hungry.

You visited 1 branch of the dungeon, and saw 3 of its levels.

You collected 96 gold pieces.

Inventory:

Hand Weapons
 c - a +2 short sword of draining (weapon)
   (You found it on level 1 of the Dungeon)
Armour
 a - a +0 robe (worn)
 m - a +0 helmet (worn)
   (You found it on level 2 of the Dungeon)
Scrolls
 d - a scroll of identify {unknown}
 i - a scroll of amnesia {unknown}
 j - a scroll of remove curse {unknown}
 l - 2 scrolls of teleportation {unknown}
 o - a scroll of magic mapping {unknown}
Potions
 f - a potion of lignification {unknown}
 g - 2 potions of flight {unknown}
 h - a potion of curing {unknown}
 k - a potion of might {unknown}
 n - a potion of brilliance {unknown}
Comestibles
 b - 4 chunks of flesh
 e - 8 rations {!d}


   Skills:
 + Level 3.7 Dodging
 - Level 2.4 Stealth
 + Level 4.3 Spellcasting
 * Level 5.8 Conjurations
 + Level 0.0 Hexes
 + Level 0.0 Translocations


You had 2 spell levels left.
You knew the following spells:

 Your Spells              Type           Power        Failure   Level  Hunger
a - Magic Dart            Conj           ####         1%          1    None
b - Dazzling Flash        Conj/Hex       ###...       11%         3    ##.....
s - Searing Ray           Conj           ####..       1%          2    #......
x - Iskenderun's Mystic   Conj/Tloc      ###.....     34%         4    ####...

Your spell library contained the following spells:

 Spells                   Type           Power        Failure   Level  Hunger
 Fulminant Prism          Conj/Hex       ###.......   34%         4    ####...


Dungeon Overview and Level Annotations

Branches:
Dungeon (3/15)

Altars:
Dithmenos
Fedhas
Nemelex Xobeh
Qazlal

Annotations:
D:3 Grinder


Message History

You kill the hobgoblin!
You have reached level 5!
Found a blossoming altar of Fedhas.
There is a shadowy altar of Dithmenos here.
This spell is quite dangerous to cast!
Memorise Dazzling Flash, consuming 3 spell levels and leaving 6?
You start memorising the spell.
You continue memorising. x3
You finish memorising.
Spell assigned to 'b'.
This spell is potentially lethal to cast!
Memorise Iskenderun's Mystic Blast, consuming 4 spell levels and leaving 2?
You start memorising the spell.
You continue memorising. x4
You finish memorising.
Spell assigned to 'x'.
Done exploring.
Done exploring.
Eating one of 5 chunks of flesh.
You eat one of the 5 chunks of flesh.
There is a stone staircase leading down here.
You climb downwards.
Grinder comes into view.
Found a stone staircase leading down.
There is a stone staircase leading up here.
Here: Grinder (asleep)
The floor.
You can't see any susceptible monsters within range! (Use Z to cast anyway.)
Aim: Grinder (asleep)
The magic dart hits Grinder.
Aim: Grinder (lightly wounded)
The searing ray hits Grinder! (Press . to maintain the ray.) Grinder blinks!
The searing ray hits Grinder!
Grinder blinks!
The searing ray hits Grinder.
You finish channeling your searing ray.
Grinder hits you!
You writhe in agony.
* * * LOW HITPOINT WARNING * * *
Here: Grinder (heavily wounded)
The floor.
Okay, then.
Unknown command.
The spell is quite dangerous to cast (11% risk of failure)!
Continue anyway?
Grinder is dazzled.
Grinder gestures at you. Pain shoots through your body!
* * * LOW HITPOINT WARNING * * *
Aim: Grinder (heavily wounded, blind)
The searing ray hits Grinder. (Press . to maintain the ray.) Grinder barely misses you.
The searing ray misses Grinder.
Grinder gestures at you. Pain shoots through your body!
You die...

# .. .. .##
...##
#.#######>....#
#......@5.....#
#..######......
...## ###


You could see Grinder (blind).

Vanquished Creatures
  An orc wizard (D:2)
  An adder (D:2)
  3 gnolls (D:2)
  An ooze (D:1)
  A worm (D:2)
  A dart slug (D:2)
  4 leopard geckos
  3 orcs (D:2)
  5 bats
  A giant cockroach (D:2)
  6 goblins
  9 hobgoblins
  6 jackals
  8 kobolds
  7 frilled lizards
  2 rats (D:1)
59 creatures vanquished.

Notes
Turn   | Place    | Note
-------+----------+-------------------------------------------
     0 | D:1      | KyoPewz the Deep Elf Conjurer began the quest for the Orb.
     0 | D:1      | Reached XP level 1. HP: 10/10 MP: 6/6
   163 | D:1      | Reached XP level 2. HP: 15/15 MP: 4/8
   170 | D:1      | Learned a level 2 spell: Searing Ray
   633 | D:1      | Reached skill level 5 in Conjurations
   651 | D:1      | Reached XP level 3. HP: 19/19 MP: 6/10
  1446 | D:2      | Reached XP level 4. HP: 24/24 MP: 4/11
  1636 | D:2      | Found a stormy altar of Qazlal.
  2054 | D:2      | Found a shadowy altar of Dithmenos.
  2057 | D:2      | Found a sparkling altar of Nemelex Xobeh.
  2058 | D:2      | Reached XP level 5. HP: 28/28 MP: 11/13
  2059 | D:2      | Found a blossoming altar of Fedhas.
  2068 | D:2      | Learned a level 3 spell: Dazzling Flash
  2073 | D:2      | Learned a level 4 spell: Iskenderun's Mystic Blast
  2103 | D:3      | Noticed Grinder
  2111 | D:3      | Killed from afar by Grinder

Illustrated notes

Levels and vault maps discovered:
D:1:      sevenhm_arrival_forest_fort_small_4, layout_basic,
          grunt_decor_arrowhead, hangedman_glass_teeth
D:2:      layout_rooms, grunt_qazlal_clouds, minitemple
D:3:      cheibrodos_greedy_goblins, layout_loops_ring, old_standard_altar,
          gammafunk_ghost_smash, uniq_grinder

Skill      XL: |  1  2  3  4 |
---------------+-------------+-----
Conjurations   | 5 |  5.8
Dodging        | 3 |  3.7
Spellcasting   | 4 |  4.3
Stealth        | |  2.4

Action                   |  1- 3 |  4- 6 || total
-------------------------+-------+-------++-------
 Cast: Magic Dart        |    79 |    20 ||    99
       Searing Ray       |     1 |     6 ||     7
       Dazzling Flash    |       |     1 ||     1
  Eat: Chunk             |     1 |     3 ||     4
Dodge: Dodged            |    12 |     2 ||    14
